 Dungeon Crawl Stone Soup version 0.28-a0-1374-ga75cb3825e (webtiles) character file.

Game seed: 3601669220731609281

2343 vivovinco the Conjurer (level 9, -16/62 HPs)
             Began as a Demigod Conjurer on Jan 1, 2022.
             Demolished by Harold (22 damage)
             ... on level 7 of the Dungeon.
             The game lasted 00:24:39 (7690 turns).

vivovinco the Conjurer (Demigod Conjurer)           Turns: 7690, Time: 00:24:40

Health: -16/62     AC: 13    Str:  8    XL:     9   Next: 0%
Magic:  7/19       EV:  9    Int: 32    God:
Gold:   308        SH:  0    Dex: 12    Spells: 13/16 levels left

rFire   . . .      SeeInvis .   g - +2 dagger (protect)
rCold   . . .      Faith    .   (no shield)
rNeg    . . .      Spirit   .   c - +4 scale mail {rPois}
rPois   +          Reflect  .   (no helmet)
rElec   .          Harm     .   (no cloak)
rCorr   .          Rampage  .   (no gloves)
Will    .....                   (no boots)
Stlth   ++........              q - amulet of regeneration
HPRegen 1.00/turn               (no ring)
MPRegen 0.16/turn               (no ring)

@: marked, hasted, studying Summonings, very quick
A: high mp 1, forlorn, divine attributes, claws 1, iridescent scales 1, mutation
resistance 1
a: no special abilities


You were on level 7 of the Dungeon.
You visited 1 branch of the dungeon, and saw 8 of its levels.

You collected 308 gold pieces.

Inventory:

Hand Weapons
 b - a +0 dagger of draining
 g - a +2 dagger of protection (weapon)
Missiles
 h - 4 atropa-tipped darts
 j - 13 poisoned darts
Armour
 a - a +0 robe
 c - a +4 scale mail of poison resistance (worn)
Jewellery
 q - an amulet of regeneration (around neck)
 s - an amulet of magic regeneration
 y - an amulet of the acrobat
Wands
 v - a wand of mindburst (9)
 z - a wand of acid (14)
Scrolls
 f - 5 scrolls of identify {unknown}
 i - 2 scrolls of noise
 m - 5 scrolls of teleportation
 n - a scroll of enchant weapon
 w - a scroll of torment {unknown}
 x - a scroll of fog {unknown}
Potions
 d - a potion of curing
 e - a potion of mutation
 k - 4 potions of haste
 l - 2 potions of heal wounds {unknown}
 o - a potion of flight {unknown}
 p - 2 potions of attraction {unknown}
 r - a potion of invisibility {unknown}
 t - a potion of lignification {unknown}
 u - 2 potions of berserk rage {unknown}


   Skills:
 + Level 4.4 Short Blades
 + Level 5.1 Armour
 + Level 3.9 Dodging
 + Level 5.4 Stealth
 + Level 4.4 Spellcasting
 + Level 5.8 Conjurations


You had 13 spell levels left.
You knew the following spells:

 Your Spells              Type           Power      Damage    Failure   Level
a - Magic Dart            Conj           100%       1d8       4%          1
b - Searing Ray           Conj           88%        2d7       6%          2

Your spell library contained the following spells:

 Spells                   Type           Power      Damage    Failure   Level
 Foxfire                  Conj/Fire      100%       2x1d9     13%         1
 Shock                    Conj/Air       100%       1d9       13%         1
 Static Discharge         Conj/Air       25%        N/A       21%         2
 Conjure Flame            Conj/Fire      25%        6-21      36%         3
 Dazzling Flash           Conj/Hex       50%        N/A       36%         3
 Stone Arrow              Conj/Erth      50%        3d10      36%         3
 Sandblast                Erth           14%        2d6       41%         1
 Passwall                 Tmut/Erth      5%         N/A       54%         2
 Inner Flame              Hex/Fire       7%         N/A       78%         3
 Swiftness                Air            7%         N/A       78%         3
 Flame Wave               Conj/Fire      25%        2d6       78%         4
 Fulminant Prism          Conj/Hex       12%        3d9       78%         4
 Iskenderun's Mystic Bla  Conj/Tloc      25%        2d7       78%         4
 Sticky Flame             Conj/Fire      25%        2d5       78%         4
 Airstrike                Air            3%         N/A       99%         4
 Dispel Undead            Necr           7%         3d8       99%         4
 Petrify                  Tmut/Erth      7%         N/A       99%         4
 Metabolic Englaciation   Hex/Ice        3%         N/A       100%        5
 Statue Form              Tmut/Erth      4%         N/A       100%        6


Dungeon Overview and Level Annotations

Branches:
Dungeon (8/15)
 Temple: D:4-7         Lair: D:8-11

Shops:
D:5 *

Annotations:
D:7 Harold


Innate Abilities, Weirdness & Mutations

You have an increased reservoir of magic. (+10% MP)
You shall have no god before yourself.
Your divine heritage dramatically boosts your attributes as you level up.
You have sharp fingernails.
You are partially covered in iridescent scales. (AC +2)
You are somewhat resistant to further mutation.


Message History

Harold is moderately wounded.
You finish channelling your searing ray.
Harold points at you and mumbles some strange words.
The mark upon you grows brighter.
Harold throws a throwing net.
The throwing net hits you.
You become entangled in the net!
You see here a throwing net.
You tear a large gash into the net.
Harold fires a harpoon shot at you. The harpoon shot hits you!
* * * LOW HITPOINT WARNING * * *
You are yanked forward by the harpoon shot.
You hit Harold but do no damage.
Your weapon exudes an aura of protection.
Harold is lightly wounded.
Harold casts a spell at you.
You barely resist. You hit Harold.
Harold is moderately wounded.
Harold completely misses you.
You hit Harold but do no damage.
Harold is moderately wounded.
Harold hits you but does no damage.
Harold throws a throwing net.
The throwing net hits you.
You become entangled in the net!
You see here a throwing net.
You tear a large gash into the net.
You shred the net and break free! Harold hits you with a +0 dire flail!
* * * LOW HITPOINT WARNING * * *
Unknown command.
You hit Harold but do no damage.
Harold is lightly wounded.
Harold yells, "I don't have all day!"
Harold fires a harpoon shot at you. The harpoon shot hits you.
* * * LOW HITPOINT WARNING * * *
You are yanked forward by the harpoon shot.
It was a potion of haste.
You feel yourself speed up. Harold hits you with a +0 dire flail!!
You die...

........# ## ..!.@...# #.
.......# #. ...Y..# #.
.....# #. ....#
############# ## ...#
###.#.#...#.#.### # ..##
#...#...#...#...##### ##.##
#.#.@.#.#.#...#......
##.####
#.#@..#.#.#...#.#####
#....######.Y.#...#...#...#
#.......(...#.#.#...#.#.###
###...###....##############
......# ####.......#
#....### .....(##
#......####......##
.......# #......#
#....^...## .......##
#....#.# #.........#


You could see Harold and an ice beast.

Vanquished Creatures
  Pikel (D:5)
  Sigmund (D:2)
  Menkaure (D:4)
  Edmund (D:5)
  Duvessa (D:5)
  An ice beast (D:5)
  A sky beast (D:5)
  An ogre (D:7)
  A phantom (D:3)
  4 centaurs
  A lemure (D:5)
  A bullfrog (D:7)
  2 scorpions
  Dowan (D:5)
  A bullfrog zombie (D:6)
  2 centaur zombies (D:6)
  2 hounds
  An orc priest (D:6)
  A bullfrog skeleton (D:7)
  A scorpion zombie (D:5)
  Terence (D:2)
  2 iguanas
  2 orc wizards
  3 gnolls (D:5)
  4 adders
  An ufetubus (D:5)
  2 worms (D:2)
  A dart slug (D:2)
  2 orcs
  11 bats
  9 endoplasms
  A giant cockroach (D:1)
  5 goblins
  7 hobgoblins
  4 kobolds
  7 quokkas
  8 ball pythons
  3 frilled lizards
  8 rats
107 creatures vanquished.

Notes
Turn   | Place    | Note
-------+----------+-------------------------------------------
     0 | D:1      | vivovinco the Demigod Conjurer began the quest for the Orb.
     0 | D:1      | Reached XP level 1. HP: 14/14 MP: 5/5
   324 | D:1      | Reached XP level 2. HP: 20/20 MP: 7/7
  1347 | D:3      | Reached XP level 3. HP: 26/26 MP: 8/8
  1473 | D:2      | Learned a level 2 spell: Searing Ray
  1758 | D:2      | Noticed Sigmund
  1770 | D:2      | Killed Sigmund
  1771 | D:2      | Reached XP level 4. HP: 33/33 MP: 0/10
  1771 | D:2      | Reached XP level 5. HP: 38/38 MP: 0/11
  1918 | D:2      | Reached skill level 1 in Short Blades
  2561 | D:2      | Noticed Terence
  2579 | D:2      | Gained mutation: You are partially covered in iridescent
                  | scales. (AC +2) [potion of mutation]
  2579 | D:2      | Gained mutation: You are somewhat resistant to further
                  | mutation. [potion of mutation]
  2579 | D:2      | Gained mutation: You have sharp fingernails. [potion of
                  | mutation]
  2584 | D:2      | Killed Terence
  3133 | D:3      | Reached XP level 6. HP: 43/45 MP: 1/13
  3810 | D:5      | Entered Level 5 of the Dungeon
  3989 | D:5      | Noticed Menkaure
  3999 | D:4      | Killed Menkaure
  4242 | D:4      | Reached skill level 1 in Armour
  4856 | D:5      | Reached XP level 7. HP: 50/50 MP: 8/14
  5300 | D:5      | Noticed Duvessa
  5300 | D:5      | Noticed Dowan
  5310 | D:5      | Killed Dowan
  5311 | D:5      | Reached skill level 5 in Conjurations
  5320 | D:5      | Killed Duvessa
  5321 | D:5      | Reached skill level 5 in Stealth
  5678 | D:5      | Noticed Pikel
  5686 | D:5      | Killed Pikel
  5687 | D:5      | Reached XP level 8. HP: 34/57 MP: 7/17
  5849 | D:5      | Noticed Edmund
  5879 | D:5      | Killed Edmund
  5982 | D:5      | Found Caoskeur's General Store.
  7622 | D:7      | Reached skill level 5 in Armour
  7622 | D:7      | Reached XP level 9. HP: 58/62 MP: 19/19
  7650 | D:7      | Noticed Harold
  7682 | D:7      | HP: 2/62 [Harold (13)]
  7690 | D:7      | Demolished by Harold

Illustrated notes

Levels and vault maps discovered:
D:1:      dpeg_arrival_radiant, layout_basic,
          hellmonk_ecumenical_altar_inner_sanctum, minmay_bisected
D:2:      layout_loops_corners, chequers_serial_rivers_room_a, uniq_sigmund,
          uniq_terence
D:3:      layout_loops_ring, nemelex_xobeh_ov_fountains_minmay,
          mainiacjoe_overflow_paths, mainiacjoe_overflow_alcove_2,
          minmay_misc_feat_four_crosses
D:4:      layout_basic, minmay_strange_pillars
D:5:      layout_loops_cross, amcnicky_altar_gilded, brannock_xom_greatest_gift,
          mainiacjoe_overflow_catwalk_spiral, serial_shops,
          nicolae_inconvenience_store, minmay_misc_feat_ornament,
          kennysheep_small_square, uniq_edmund, uniq_duvessa, uniq_menkaure,
          uniq_pikel
D:6:      layout_loops_ring, minmay_manual_mares
D:7:      layout_cave_pods, minmay_temple_entry_trees, minmay_misc_feat_alley,
          uniq_harold
D:8:      layout_cave_pools, uniq_erica

Skill      XL: |  1  2  3  4  5  6  7  8 |
---------------+-------------------------+-----
Stealth        | 2 3 4 5 |  5.4
Conjurations   | 4 5 |  5.8
Spellcasting   | 2 3 4 |  4.4
Dodging        | 2 3 |  3.9
Short Blades   | 1 2 3 4 |  4.4
Armour         | 1 3 5 |  5.1

Action                   |  1- 3 |  4- 6 |  7- 9 || total
-------------------------+-------+-------+-------++-------
Melee: Dagger            |    73 |    72 |   120 ||   265
       Unarmed           |     2 |       |       ||     2
 Cast: Magic Dart        |    38 |    30 |    21 ||    89
       Searing Ray       |     3 |    11 |    30 ||    44
  Use: Scroll            |       |     5 |       ||     5
       Potion            |       |     3 |     1 ||     4
 Stab: Sleeping          |     9 |     8 |       ||    17
Armor: Robe              |    26 |     3 |       ||    29
       Scale mail        |       |    32 |   128 ||   160
Dodge: Dodged            |    62 |    34 |    84 ||   180

Table legend: (Time is in decaauts)
 A = Elapsed time spent in this place.
 B = Non-inter-level travel time spent in this place.
 C = Inter-level travel time spent in this place.
 D = Time resting spent in this place.
 E = Time spent auto-exploring this place.
 F = Levels seen in this place.
 G = Mean time per level.
                   A        B        C        D        E       F      G
               +--------+--------+--------+--------+--------+-----+--------+
         Total |   7685 |   7504 |    181 |    102 |   6099 |   8 |  960.6 |
       Dungeon |   7685 |   7504 |    181 |    102 |   6099 |   8 |  960.6 |
               +--------+--------+--------+--------+--------+-----+--------+

Top non-repeatable levels by time:
     D:2: 1652 daAuts
     D:5: 1545 daAuts
     D:1: 1272 daAuts
     D:4: 1036 daAuts
     D:6: 824 daAuts
     D:3: 785 daAuts
     D:7: 563 daAuts
     D:8: 4 daAuts
